 Dungeon Crawl Stone Soup version 0.17.1-1-g73c8601 (webtiles) character file.

343 lucasterio the Cudgeler (level 6, -3/47 HPs)
             Began as a Demonspawn Berserker on Dec 19, 2015.
             Was a Priest of Trog.
             Killed from afar by an orc wizard (8 damage)
             ... with a puff of frost
             ... on level 4 of the Dungeon.
             The game lasted 00:06:52 (3323 turns).

lucasterio the Cudgeler (Demonspawn Berserker)      Turns: 3323, Time: 00:06:52

Health: -3/47      AC:  9    Str: 19    XL:     6   Next: 31%
Magic:  6/6        EV: 11    Int:  9    God:    Trog [***...]
Gold:   125        SH:  0    Dex: 12    Spells: 0 memorised, 5 levels left

rFire  . . .     SeeInvis .     o - +0 flail
rCold  . . .     Clarity  .     i - +0 ring mail
rNeg   . . .     SustAt   +     (no shield)
rPois  .         Gourm    .     (helmet restricted)
rElec  .         Spirit   .     (no cloak)
rCorr  .         Warding  .     (no gloves)
rMut   +         Stasis   .     (no boots)
MR     .....                    r - amulet of resist mutation
Stlth  ..........               t - ring of sustain attributes
                                d - +4 ring of protection

@: exhausted, slowed, very slow, not resistant to hostile enchantments,
extremely unstealthy
A: claws 1, hooves 2, horns 1, spiny 1
a: Berserk, Trog's Hand, Burn Spellbooks, Renounce Religion


You were on level 4 of the Dungeon.
You worshipped Trog.
Trog was most pleased with you.
You were very hungry.

You visited 1 branch of the dungeon, and saw 4 of its levels.

You collected 125 gold pieces.

Inventory:

Hand Weapons
 o - a +0 flail (weapon)
Missiles
 l - 79 arrows
Armour
 b - a +0 chain mail
 i - a +0 ring mail (worn)
Jewellery
 d - a +4 ring of protection (left claw)
 r - an amulet of resist mutation (around neck)
 t - a ring of sustain attributes (right claw)
 u - an uncursed amulet of stasis
Wands
 v - a wand of flame (33)
 w - a wand of flame (27)
Scrolls
 g - a scroll of teleportation {unknown}
 h - 5 scrolls of magic mapping {unknown}
 j - a scroll of enchant weapon {unknown}
 k - 2 scrolls of remove curse {unknown}
 m - a scroll of amnesia {unknown}
 x - a scroll of identify {unknown}
Potions
 e - 2 potions of curing {unknown}
 p - 2 potions of heal wounds {unknown}
 s - a potion of might {unknown}
Comestibles
 a - 2 chunks of flesh
 c - 2 bread rations
 f - 4 meat rations
 q - a royal jelly


   Skills:
 - Level 3.0 Fighting
 * Level 5.5 Maces & Flails
 + Level 3.7 Armour
 - Level 1.7 Dodging


You had 5 spell levels left.
You didn't know any spells.

Dungeon Overview and Level Annotations

Branches:
Dungeon (4/15)
 Temple: D:4-7

Altars:


Innate Abilities, Weirdness & Mutations

You have sharp fingernails.
You have hoof-like feet.
You have a pair of small horns on your head.
You are partially covered in sharp spines.


Message History

You hit the orc wizard. Your kick misses the orc wizard.
You headbutt the orc wizard!
The orc wizard is heavily wounded.
The orc is struck by your spines.
You kill the orc!
Trog accepts your kill.
The orc wizard gestures at you while chanting.
The puff of flame hits you!
You hit the orc wizard but do no damage.
You kick the orc wizard, but do no damage.
The orc wizard is heavily wounded.
The orc hits you but does no damage. The orc wizard barely misses you.
The orc is struck by your spines. The orc hits you with a hand axe.
* * * LOW HITPOINT WARNING * * *
The orc wizard points at you and mumbles some strange words.
The magic dart hits you!
* * * LOW HITPOINT WARNING * * *
The orc wizard gestures at you while chanting.
The puff of frost hits you!
You die...

#.# #.# #.#
#.# #.# #.#
#.# #.#
#.#####.#
.#......#
#.####..####.#
#.............
######@#####.#
#o..# #o###
#o# #[# #)#
#(# ........#
........#


You could see an orc wizard and 2 orcs.

Vanquished Creatures
  An ogre (D:4)
  The ghost of lucasterio the Cudgeler, an amateur DsBe of Trog (D:3)
  2 iguanas (D:4)
  4 adders
  An ooze (D:1)
  2 worms (D:2)
  2 giant geckos
  6 orcs (D:4)
  3 giant cockroaches
  7 hobgoblins
  7 jackals
  7 kobolds
  9 bats
  A giant newt (D:1)
  6 goblins
  A quokka (D:2)
  7 rats
67 creatures vanquished.

Notes
Turn   | Place    | Note
--------------------------------------------------------------
     0 | D:1      | lucasterio the Demonspawn Berserker began the quest for the Orb.
     0 | D:1      | Reached XP level 1. HP: 18/18 MP: 1/1
   504 | D:1      | Gained mutation: You have large cloven feet. [demonic ancestry]
   504 | D:1      | Reached XP level 2. HP: 16/24 MP: 2/2
  1278 | D:2      | Gained mutation: You are partially covered in sharp spines. [demonic ancestry]
  1278 | D:2      | Reached XP level 3. HP: 26/29 MP: 3/3
  1408 | D:2      | Reached ** piety under Trog
  1958 | D:2      | Reached skill level 4 in Maces & Flails
  2025 | D:2      | Gained mutation: You have a pair of small horns on your head. [demonic ancestry]
  2025 | D:2      | Reached XP level 4. HP: 27/35 MP: 4/4
  2240 | D:3      | Noticed lucasterio's ghost (amateur DsBe)
  2247 | D:3      | Killed lucasterio's ghost
  2247 | D:3      | Gained mutation: You have sharp fingernails. [demonic ancestry]
  2247 | D:3      | Reached XP level 5. HP: 41/41 MP: 5/5
  2933 | D:4      | Noticed an ogre
  2940 | D:4      | Killed an ogre
  2940 | D:4      | Reached skill level 5 in Maces & Flails
  2945 | D:4      | Gained mutation: You have hoof-like feet. [demonic ancestry]
  2945 | D:4      | Reached XP level 6. HP: 18/47 MP: 6/6
  3297 | D:4      | Reached *** piety under Trog
  3323 | D:4      | Killed from afar by an orc wizard

Action                   |  1- 3 |  4- 6 || total
-------------------------+-------+-------++-------
Melee: Mace              |    99 |    17 ||   116
       Flail             |       |    34 ||    34
Invok: Berserk           |     1 |     2 ||     3
 Stab: Sleeping          |     1 |       ||     1
  Eat: Chunk             |     5 |     3 ||     8
       Beef jerky        |       |     1 ||     1
